 Dungeon Crawl Stone Soup version 0.26-a0-54-g15ccc7a (webtiles) character file.

Game seed: 12251610724472676793

63 thirtiethelement the Shield-Bearer (level 4, -9/41 HPs)
             Began as a Gnoll Fighter on June 7, 2020.
             Engulfed by a cloud of flame (13 damage)
             ... on level 2 of the Dungeon.
             The game lasted 00:02:43 (1905 turns).

thirtiethelement the Shield-Bearer (Gnoll Fighter)  Turns: 1905, Time: 00:02:44

Health: -9/41      AC:  9    Str: 20    XL:     4   Next: 10%
Magic:  5/5        EV:  8    Int: 10    God:
Gold:   87         SH: 10    Dex: 14    Spells: 5/5 levels left

rFire    . . .     SeeInvis .   a - +1 war axe
rCold    . . .     Gourm    .   c - +0 kite shield
rNeg     . . .     Faith    .   b - +0 scale mail
rPois    .         Spirit   .   (no helmet)
rElec    .         Reflect  .   (no cloak)
rCorr    .         Harm     .   (no gloves)
MR       .....                  j - +0 pair of boots
Stlth    ..........             (no amulet)
HPRegen  0.13/turn              (no ring)
MPRegen  0.09/turn              (no ring)

@: no status effects
A: distributed training, fangs 1, strong nose
a: no special abilities


You were on level 2 of the Dungeon.
You were not hungry.

You visited 1 branch of the dungeon, and saw 2 of its levels.

You collected 87 gold pieces.

Inventory:

Hand Weapons
 a - a +1 war axe (weapon)
 k - a +1 hand axe of distortion
Armour
 b - a +0 scale mail (worn)
 c - a +0 kite shield (worn)
 j - a +0 pair of boots (worn)
Scrolls
 g - 2 scrolls of identify {unknown}
Potions
 d - a potion of might
 e - 2 potions of brilliance {unknown}
 h - a potion of cancellation {unknown}
 i - a potion of lignification {unknown}
 m - a potion of stabbing {unknown}
 n - a potion of curing {unknown}
Comestibles
 f - 4 rations


   Skills:
 + Level 6.5 Fighting
 + Level 1.0 Short Blades
 + Level 1.0 Long Blades
 + Level 4.6 Axes
 + Level 1.0 Maces & Flails
 + Level 1.0 Polearms
 + Level 1.0 Staves
 + Level 1.0 Slings
 + Level 1.0 Bows
 + Level 1.0 Crossbows
 + Level 1.0 Throwing
 + Level 6.5 Armour
 + Level 1.0 Dodging
 + Level 1.0 Stealth
 + Level 6.5 Shields
 + Level 1.0 Unarmed Combat
 + Level 1.0 Spellcasting
 + Level 0.7 Conjurations
 + Level 0.7 Hexes
 + Level 0.7 Charms
 + Level 0.7 Summonings
 + Level 0.7 Necromancy
 + Level 0.7 Translocations
 + Level 0.7 Transmutations
 + Level 0.7 Fire Magic
 + Level 0.7 Ice Magic
 + Level 0.7 Air Magic
 + Level 0.7 Earth Magic
 + Level 0.7 Poison Magic
 + Level 1.1 Invocations
 + Level 1.0 Evocations


You had 5 spell levels left.
You didn't know any spells.
Your spell library was empty.

Dungeon Overview and Level Annotations

Branches:
Dungeon (2/15)

Altars:


Innate Abilities, Weirdness & Mutations

Your experience applies equally to all skills.
You have very sharp teeth.
Your uncanny sense of smell can sniff out nearby items.


Message History

There is an open door here.
You open the door.
Some of the chunks of flesh in your inventory have rotted away.
Some of the chunks of flesh in your inventory have rotted away.
There is an open door here.
You open the door.
There is an open door here.
All of the chunks of flesh in your inventory have rotted away.
There is a stone staircase leading down here.
There is a stone staircase leading down here.
There is an open door here.
There is an open door here.
Partly explored, can't reach some places.
Really walk into a travel-excluded area?
You are engulfed in blazing flames.
Ouch! That really hurt!
You are engulfed in blazing flames.
* * * LOW HITPOINT WARNING * * *
You are engulfed in blazing flames.
You die...

#######
.....>#######
#####.......#
######...# #
#☼§.# # #§§§# ##
#☼§§# .#
#####...###### .#
##.☼§☼..$!.°§@.##
.#
#...§§...$.§°☼..#
.#
#..§○○..)..§○§..#
.#
#.#####..!#####.#
'###.# #§○§# #.#
.....# #☼☼§# #.#
..#### #°○.# #.#
..########...#
##.#
.........)#.#
#..#


There were no monsters in sight!

Vanquished Creatures
  An adder (D:2)
  2 oozes (D:1)
  2 worms (D:2)
  2 dart slugs
  4 leopard geckos
  4 bats
  A giant cockroach (D:1)
  4 hobgoblins
  4 jackals (D:1)
  A ball python (D:1)
  2 frilled lizards (D:1)
  A kobold (D:2)
  7 rats
35 creatures vanquished.

Vanquished Creatures (others)
  A leopard gecko (D:2)
  A frilled lizard (D:2)
2 creatures vanquished.

Grand Total: 37 creatures vanquished

Notes
Turn   | Place    | Note
-------+----------+-------------------------------------------
     0 | D:1      | thirtiethelement the Gnoll Fighter began the quest for the
                  | Orb.
     0 | D:1      | Reached XP level 1. HP: 23/23 MP: 1/1
   106 | D:1      | Reached XP level 2. HP: 29/29 MP: 2/2
   393 | D:1      | Reached XP level 3. HP: 35/35 MP: 3/3
  1527 | D:2      | Reached skill level 1 in Invocations
  1602 | D:2      | Reached skill level 1 in Short Blades
  1602 | D:2      | Reached skill level 1 in Long Blades
  1602 | D:2      | Reached skill level 1 in Maces & Flails
  1602 | D:2      | Reached skill level 1 in Polearms
  1602 | D:2      | Reached skill level 1 in Staves
  1602 | D:2      | Reached skill level 1 in Slings
  1602 | D:2      | Reached skill level 1 in Bows
  1602 | D:2      | Reached skill level 1 in Crossbows
  1602 | D:2      | Reached skill level 1 in Throwing
  1602 | D:2      | Reached skill level 1 in Dodging
  1602 | D:2      | Reached skill level 1 in Stealth
  1602 | D:2      | Reached skill level 1 in Unarmed Combat
  1602 | D:2      | Reached skill level 1 in Spellcasting
  1602 | D:2      | Reached skill level 1 in Evocations
  1675 | D:2      | Reached XP level 4. HP: 41/41 MP: 5/5
  1905 | D:2      | Engulfed by a cloud of flame

Illustrated notes

Levels and vault maps discovered:
D:1:      lightli_arrival_lavapool, layout_basic
D:2:      layout_basic, lemuel_flame_loot_1

Skill      XL: |  1  2  3 |
---------------+----------+-----
Invocations    | 1 |  1.1
Short Blades   | 1 |  1.0
Long Blades    | 1 |  1.0
Maces & Flails | 1 |  1.0
Polearms       | 1 |  1.0
Staves         | 1 |  1.0
Slings         | 1 |  1.0
Bows           | 1 |  1.0
Crossbows      | 1 |  1.0
Throwing       | 1 |  1.0
Dodging        | 1 |  1.0
Stealth        | 1 |  1.0
Unarmed Combat | 1 |  1.0
Spellcasting   | 1 |  1.0
Evocations     | 1 |  1.0
Fighting       | |  6.5
Axes           | |  4.6
Armour         | |  6.5
Shields        | |  6.5
Conjurations   | |  0.7
Hexes          | |  0.7
Charms         | |  0.7
Summonings     | |  0.7
Necromancy     | |  0.7
Translocations | |  0.7
Transmutations | |  0.7
Fire Magic     | |  0.7
Ice Magic      | |  0.7
Air Magic      | |  0.7
Earth Magic    | |  0.7
Poison Magic   | |  0.7

Action                   |  1- 3 |  4- 6 || total
-------------------------+-------+-------++-------
Melee: War axe           |    85 |       ||    85
       Bite              |    14 |       ||    14
  Use: Scroll            |     3 |       ||     3
  Eat: Chunk             |     2 |     1 ||     3
Armor: Scale mail        |    36 |       ||    36
Dodge: Dodged            |    24 |       ||    24
Block: Kite shield       |    42 |       ||    42

Table legend:
 A = Non-vault XP
 B = Vault XP
 C = Vault XP percentage of total XP
 D = Non-vault monster count
 E = Vault monster count
 F = Vault count percentage of total count
                 A         B        C        D         E       F
            +---------+---------+-------+---------+---------+-------
      Total |      91 |       0 |   0.0 |      35 |       0 |   0.0
            +---------+---------+-------+---------+---------+-------
        D:1 |      48 |       0 |   0.0 |      20 |       0 |   0.0
        D:2 |      43 |       0 |   0.0 |      15 |       0 |   0.0
            +---------+---------+-------+---------+---------+-------
